 Dungeon Crawl Stone Soup version 0.21-a0-133-gf55ed5b (webtiles) character file.

933 sagitran the Chopper (level 7, 0/55 HPs)
             Began as a Demonspawn Abyssal Knight on July 17, 2017.
             Was a Believer of Lugonu.
             Slain by an elf zombie (2 damage)
             ... in an ossuary.
             The game lasted 00:15:29 (2697 turns).

sagitran the Chopper (Demonspawn Abyssal Knight)    Turns: 2697, Time: 00:15:30

Health: 0/55       AC:  6    Str: 20      XL:     7   Next: 86%
Magic:  17/17      EV: 19    Int: 12 (13) God:    Lugonu [**....]
Gold:   123        SH:  0    Dex: 14 (17) Spells: 6/6 levels left

rFire    + . .     SeeInvis .   a - +3 hand axe
rCold    + . .     Gourm    .   (no shield)
rNeg     . . .     Faith    .   q - +1 ring mail
rPois    +         Spirit   .   (no helmet)
rElec    +         Reflect  .   (no cloak)
rCorr    +         Harm     .   (no gloves)
MR       .....                  (no boots)
Stlth    ++........             (no amulet)
HPRegen  0.18/turn              d - ring of magical power
MPRegen  0.15/turn              c - +2 ring of evasion

@: mighty, agile, resistant
A: demonic guardian 1, spiny 2
a: Depart the Abyss, Bend Space, Renounce Religion


You were in an ossuary.
You worshipped Lugonu.
Lugonu was pleased with you.
You were not hungry.

You visited 1 branch of the dungeon, and saw 4 of its levels.
You visited the Abyss 1 time.
You also visited: Ossuary.

You collected 123 gold pieces.

Inventory:

Hand Weapons
 a - a +3 hand axe (weapon)
Armour
 b - a +0 leather armour
 q - a +1 ring mail (worn)
Jewellery
 c - a +2 ring of evasion (right hand)
 d - a ring of magical power (left hand)
Scrolls
 l - 2 scrolls of teleportation
Potions
 m - 2 potions of cancellation
Comestibles
 i - a royal jelly


   Skills:
 + Level 4.9 Fighting
 + Level 5.5 Axes
 + Level 4.1 Armour
 + Level 3.3 Dodging
 + Level 0.6 Stealth
 + Level 2.5 Invocations


You had 6 spell levels left.
You didn't know any spells.

Dungeon Overview and Level Annotations

Branches:
Dungeon (4/15)
 Temple: D:4-7

Altars:
Nemelex Xobeh
Trog
Xom

Shops:
D:4 [}


Innate Abilities, Weirdness & Mutations

A weak demonic guardian rushes to your aid.
You are mostly covered in sharp spines.


Message History

You feel your intelligence returning.
Your Armour skill increases to level 4!
The human zombie hits you but does no damage.
The elf zombie completely misses you.
Okay, then.
You slash the human zombie!
You destroy the human zombie!
Lugonu accepts your kill.
You hit the elf zombie. The elf zombie barely misses you.
You hit the elf zombie.
The elf zombie is heavily damaged.
You closely miss the elf zombie.
The elf zombie is heavily damaged.
The elf zombie is struck by your spines.
The elf zombie hits you.
* * * LOW HITPOINT WARNING * * *
You barely miss the elf zombie.
The elf zombie is severely damaged.
The elf zombie hits you.
You die...

#.......# #.......#
#.ZZ..# #.# #'#
##### ###.###
##...## ##.....##
#.....# #.......#
##.@Z..###...∩...##
#.......'...∩∩∩...+
##.....###...∩...##
#.....# #.......#
##...## ##.....##
##### ###.### #'#
.#


You could see an elf zombie.

Vanquished Creatures
  The ghost of sagitran the Skirmisher, an amateur DsAK of Lugonu (D:4)
  Menkaure (D:4)
  5 elf zombies (Ossuary)
  3 human zombies (Ossuary)
  2 centaur zombies (Ossuary)
  Jessica (D:2)
  Natasha (D:2)
  An orc wizard (D:4)
  2 mummies (Ossuary)
  3 adders
  An ooze (D:2)
  2 worms
  2 dart slugs
  3 orcs
  5 bats
  4 giant cockroaches
  9 goblins
  3 hobgoblins
  4 jackals (D:1)
  4 kobolds
  3 quokkas
  3 frilled lizards
  8 rats
71 creatures vanquished.

Vanquished Creatures (collateral kills)
  Natasha (twice) (D:2)
  A mummy (Ossuary)
3 creatures vanquished.

Grand Total: 74 creatures vanquished

Notes
Turn   | Place    | Note
-------+----------+-------------------------------------------
     0 | Abyss:1  | sagitran the Demonspawn Abyssal Knight began the quest for the Orb.
     0 | Abyss:1  | Reached XP level 1. HP: 18/18 MP: 2/2
     5 | Abyss:1  | Found a corrupted altar of Lugonu.
     8 | D:1      | Escaped the Abyss
   122 | D:1      | Reached skill level 1 in Dodging
   132 | D:1      | Found a sparkling altar of Nemelex Xobeh.
   361 | D:1      | Reached * piety under Lugonu
   361 | D:1      | Gained mutation: A weak demonic guardian rushes to your aid. [demonic ancestry]
   361 | D:1      | Reached XP level 2. HP: 24/24 MP: 3/3
   513 | D:1      | Reached skill level 2 in Axes
   882 | D:1      | Reached XP level 3. HP: 27/29 MP: 4/4
  1170 | D:2      | Noticed Natasha
  1180 | D:2      | Killed Natasha
  1198 | D:2      | Noticed Jessica
  1206 | D:2      | Killed Jessica
  1206 | D:2      | Reached XP level 4. HP: 21/35 MP: 5/5
  1226 | D:2      | Found a shimmering altar of Xom.
  1226 | D:2      | Found a bloodstained altar of Trog.
  1641 | D:2      | Noticed Natasha
  1653 | D:2      | Killed Natasha
  1653 | D:2      | Reached skill level 3 in Axes
  1778 | D:2      | Reached ** piety under Lugonu
  1829 | D:2      | Noticed Natasha
  1833 | D:2      | Killed Natasha
  1833 | D:2      | Gained mutation: You are partially covered in sharp spines. [demonic ancestry]
  1833 | D:2      | Reached XP level 5. HP: 40/42 MP: 6/6
  2075 | D:4      | Found Dumuttug's Gadget Boutique.
  2075 | D:4      | Found Rups's Antique Armour Boutique.
  2075 | D:4      | Noticed sagitran's ghost (amateur DsAK)
  2091 | D:4      | Killed sagitran's ghost
  2091 | D:4      | Reached XP level 6. HP: 34/48 MP: 7/7
  2365 | D:4      | Noticed Menkaure
  2375 | D:4      | Killed Menkaure
  2375 | D:4      | Reached skill level 4 in Axes
  2618 | D:4      | Found a sand-covered staircase.
  2624 | Ossuary  | Entered an ossuary
  2667 | Ossuary  | Gained mutation: You are mostly covered in sharp spines. [demonic ancestry]
  2667 | Ossuary  | Reached XP level 7. HP: 27/54 MP: 8/8
  2674 | Ossuary  | Reached skill level 5 in Axes
  2696 | Ossuary  | HP: 2/55 [elf zombie (3)]
  2697 | Ossuary  | Slain by an elf zombie

Vault maps used:
D:1:      dpeg_arrival_rooms_c, nemelex_xobeh_ov_fountains_minmay
D:2:      gammafunk_temple_overflow_elements, uniq_natasha, uniq_jessica
D:3:      lemuel_blue_sif_altar, uniq_grinder
D:4:      temple_doors_ab, serial_shops, nicolae_shop_statue_plus, shop, shop,
          nicolae_ossuary_entry_false_entrances, mrwooster_statue_mirror,
          uniq_menkaure
Ossuary:  ossuary_minmay_four_chambers

Skill      XL: |  1  2  3  4  5  6  7 |
---------------+----------------------+-----
Dodging        | 1 2 3 |  3.3
Axes           | 2 3 4 5 |  5.5
Armour         | 2 3 4 |  4.1
Fighting       | 4 |  4.9
Stealth        | |  0.6
Invocations    | |  2.5

Action                   |  1- 3 |  4- 6 |  7- 9 || total
-------------------------+-------+-------+-------++-------
Melee: Hand axe          |   105 |   115 |    16 ||   236
Invok: Depart the Abyss  |     1 |       |       ||     1
  Use: Potion            |     1 |     7 |     3 ||    11
       Scroll            |       |     9 |     1 ||    10
  Eat: Royal jelly       |       |     1 |       ||     1
       Fruit             |       |     1 |       ||     1
       Bread ration      |       |     1 |       ||     1
Armor: Leather armour    |    42 |     9 |       ||    51
       Ring mail         |       |    18 |     7 ||    25
Dodge: Dodged            |    94 |    69 |    24 ||   187
